 Dungeon Crawl Stone Soup version 0.28.0-53-g5a82cb258f (webtiles) character file.

Game seed: 16035119320426189526

13181 cbfl8 the Fighter (level 11, -10/139 HPs)
             Began as a Demonspawn Berserker on July 18, 2022.
             Was a Priest of Trog.
             Killed from afar by a rakshasa (23 damage)
             ... with a lance of force
             ... on level 9 of the Dungeon.
             The game lasted 00:17:57 (13621 turns).

cbfl8 the Fighter (Demonspawn Berserker)           Turns: 13621, Time: 00:17:58

Health: -10/139    AC: 25    Str: 21    XL:     11   Next: 72%
Magic:  0/11       EV:  2    Int: 15    God:    Trog [***...]
Gold:   470        SH:  0    Dex: 13    Spells: 10/10 levels left

rFire   . . .      SeeInvis .   j - +2 war axe (drain)
rCold   . . .      Faith    .   (no shield)
rNeg    . . .      Spirit   +   (armour currently unavailable)
rPois   +          Reflect  .   (helmet currently unavailable)
rElec   .          Harm     .   (cloak currently unavailable)
rCorr   .          Rampage  .   (gloves currently unavailable)
Will    .....      NoTele   +   (boots currently unavailable)
Stlth   ++........              y - amulet of guardian spirit
HPRegen 0.33/turn               m - ring of poison resistance
MPRegen 0.12/turn               M - +4 ring of evasion

@: tree-form, on berserk cooldown, slowed, very slow
A: stationary, stasis, torment immunity, boosted hp, big brain 3, (demonic touch
2)
a: Renounce Religion, Berserk, Trog's Hand


You were on level 9 of the Dungeon.
You worshipped Trog.
Trog was most pleased with you.
You were a tree.
You visited 1 branch of the dungeon, and saw 9 of its levels.
You also visited: Sewer and Ossuary.

You collected 470 gold pieces.

Inventory:

Hand Weapons
 a - a +0 hand axe
 j - a +2 war axe of draining (weapon)
 n - a +0 battleaxe
Missiles
 p - 3 throwing nets (quivered)
Armour
 b - a +0 animal skin
 o - a +0 scale mail
 w - a +0 chain mail
 B - a +0 pair of boots (melded)
 F - a +0 cloak (melded)
 O - a +0 plate armour (melded)
Jewellery
 m - a ring of poison resistance (left branch)
 y - an amulet of guardian spirit (around neck)
 A - a ring of willpower
 M - a +4 ring of evasion (right branch)
Wands
 z - a wand of charming (5)
 C - a wand of acid (1)
 L - a wand of flame (16)
Scrolls
 c - 3 scrolls of enchant weapon {unknown}
 d - 4 scrolls of brand weapon {unknown}
 f - 2 scrolls of summoning {unknown}
 i - a scroll of immolation {unknown}
 q - a scroll of amnesia {unknown}
 s - 3 scrolls of blinking
 t - 3 scrolls of fear {unknown}
 u - 8 scrolls of identify {unknown}
 v - 2 scrolls of fog {unknown}
 x - 2 scrolls of holy word {unknown}
 D - 2 scrolls of noise {unknown}
 E - 3 scrolls of silence {unknown}
 H - 2 scrolls of teleportation {unknown}
 J - a scroll of vulnerability {unknown}
Potions
 e - a potion of haste
 g - a potion of resistance {unknown}
 h - a potion of flight {unknown}
 k - 2 potions of attraction
 l - a potion of ambrosia {unknown}
 r - 3 potions of lignification
 I - a potion of mutation {unknown}
 K - a potion of cancellation {unknown}


   Skills:
 * Level 11.3 Fighting
 + Level 11.2 Axes
 + Level 7.6 Armour
 + Level 3.4 Dodging
 + Level 2.1 Stealth
 * Level 4.8 Evocations


You had 10 spell levels left.
You didn't know any spells.
Your spell library was empty.

Dungeon Overview and Level Annotations

Branches:
Dungeon (9/15)             Temple (0/1) D:5            Lair (0/6) D:8
  Sewer (visited)         Ossuary (visited)
    Orc: D:9-12

Altars:
Ashenzari
Dithmenos
Makhleb
Ru
Sif Muna
Wu Jian
Yredelemnul

Annotations:
D:9 1 runed translucent door


Innate Abilities, Weirdness & Mutations

You are a tree.
Your roots penetrate the ground, keeping you stationary.
You cannot be teleported.
You are immune to unholy pain and torment.
Your maximum health is greatly increased.
Your equipment is partially melded.
You have an absolutely massive brain. (Int +6, Wiz)
((Your touch may inflict irresistible damage on your foes.))


Message History

The rakshasa is moderately wounded.
The rakshasa hits you but does no damage.
Unknown command.
You slice the rakshasa!!
The rakshasa is heavily wounded.
The injured rakshasa weaves a defensive illusion!
The rakshasa hits you with a +0 long sword!
The rakshasa hits you but does no damage.
Unknown command.
You slash the rakshasa!
You kill the rakshasa!
The rakshasa shimmers and vanishes!
You barely miss the rakshasa. You miss the rakshasa.
You are no longer berserk.
You are exhausted.
You feel yourself slow down.
The rakshasa hits you but does no damage.
The rakshasa gestures at you. The lance of force hits you!
You are knocked back by the lance of force.
You slam into the stone wall!
* * * LOW HITPOINT WARNING * * *
The rakshasa gestures at you. The lance of force hits you.
* * * LOW HITPOINT WARNING * * *
You are knocked back by the lance of force.
You slam into the stone wall!
* * * LOW HITPOINT WARNING * * *
The rakshasa hits you with a +0 long sword!
* * * LOW HITPOINT WARNING * * *
Really quaff the potion of lignification?
You turn into a tree.
Your +0 cloak melds into your body.
Your +0 pair of boots melds into your body.
Your +0 plate armour melds into your body.
Your roots penetrate the ground.
The rakshasa hits you with a +0 long sword.
* * * LOW HITPOINT WARNING * * *
The rakshasa gestures at you. The lance of force hits you!!
You die...

#####.............#
#.................########
#........................#
#........####.##########.#
#........# #.#..#..#..'.#
#..†.....# #.#..)..'..#.#
...†.....# #.##'#######.##
..†......####.#R.# #..#
..............#R♣# #..#
..............##'# #.)#
.............)#..+ #..#
..............#..# #..#
......>######.##########..#
.###.### #.............# .#
#.# ###########...# .# #.#
#.### .###.# ##.#


You could see 2 rakshasas.

Vanquished Creatures
  A fire dragon (D:9)
  A two-headed ogre (shapeshifter) (D:9)
  Erica (D:9)
  A two-headed ogre (D:9)
  A centaur warrior (D:9)
  A tengu warrior (D:9)
  A fire crab (shapeshifter) (D:9)
  Pikel (D:4)
  A cyclops (D:7)
  An elephant (D:8)
  Maurice (D:8)
  Prince Ribbit (D:7)
  Sigmund (D:6)
  A wyvern (D:8)
  17 yaks
  2 wraiths
  Grum (D:9)
  Eustachio (D:5)
  A basilisk (D:8)
  A steam dragon (D:8)
  A water moccasin (D:6)
  An orc warrior (D:8)
  An ice beast (D:6)
  2 black bears
  A sky beast (D:8)
  2 wolves (D:9)
  3 ogres
  3 centaurs
  A kobold brigand (D:8)
  4 phantoms
  Blork the orc (D:5)
  4 bullfrogs
  A scorpion (D:5)
  A wyvern zombie (D:6)
  2 water moccasin zombies
  4 killer bees (D:9)
  5 howler monkeys
  4 centaur zombies
  A bullfrog zombie (D:6)
  2 orc priests (D:8)
  3 hounds
  A jelly (D:5)
  A gnoll shaman (D:4)
  A scorpion zombie (D:5)
  7 iguanas
  5 orc wizards
  2 howler monkey zombies
  4 mummies
  10 gnolls
  8 adders
  A white imp (D:7)
  An ufetubus (D:6)
  An adder skeleton (D:3)
  2 worms
  13 orcs
  3 bats
  13 endoplasms
  11 giant cockroaches
  A gnoll zombie (Ossuary)
  6 goblins
  4 hobgoblins
  4 jackals (D:2)
  7 kobolds
  8 quokkas
  14 ball pythons
  11 frilled lizards
  5 goblin zombies (Ossuary)
  A hobgoblin zombie (Ossuary)
  4 kobold zombies (Ossuary)
  7 rats
240 creatures vanquished.

Vanquished Creatures (collateral kills)
  A kobold demonologist (D:9)
  2 gnolls (D:6)
  An orc (D:7)
4 creatures vanquished.

Vanquished Creatures (others)
  An orc wizard (D:8)
  2 fungi (D:8)
3 creatures vanquished.

Grand Total: 247 creatures vanquished

Notes
Turn   | Place    | Note
-------+----------+-------------------------------------------
     0 | D:1      | cbfl8 the Demonspawn Berserker began the quest for the Orb.
     0 | D:1      | Reached XP level 1. HP: 18/18 MP: 1/1
    68 | D:1      | Found a faded altar of an unknown god.
   374 | D:1      | Gained mutation: Your touch may inflict minor irresistible
                  | damage on your foes. [demonic ancestry]
   374 | D:1      | Reached XP level 2. HP: 22/24 MP: 2/2
   927 | D:2      | Reached XP level 3. HP: 11/29 MP: 3/3
  1352 | D:2      | Noticed a phantom
  1361 | D:2      | Killed a phantom
  1362 | D:2      | Reached XP level 4. HP: 26/37 MP: 4/4
  2316 | D:3      | Reached ** piety under Trog
  2783 | D:3      | Reached XP level 5. HP: 42/42 MP: 5/5
  3491 | D:4      | Found a glowing drain.
  3503 | Sewer    | Entered a sewer
  3934 | Sewer    | Reached *** piety under Trog
  4116 | Sewer    | Reached skill level 5 in Axes
  4116 | Sewer    | Gained mutation: You have an unusually large brain. (Int
                  | +2) [demonic ancestry]
  4116 | Sewer    | Reached XP level 6. HP: 21/48 MP: 6/6
  4655 | D:4      | Found a broken altar of Ashenzari.
  5058 | D:4      | Noticed Pikel
  5068 | D:4      | Killed Pikel
  5069 | D:4      | Reached skill level 5 in Fighting
  5069 | D:4      | Reached XP level 7. HP: 57/57 MP: 7/7
  5457 | D:4      | Gained mutation: You have an extremely huge brain. (Int +4)
                  | [demonic ancestry]
  5457 | D:4      | Reached XP level 8. HP: 61/64 MP: 8/8
  5674 | D:5      | Entered Level 5 of the Dungeon
  5679 | D:5      | Found a sacrificial altar of Ru.
  5752 | D:5      | Noticed Eustachio
  5773 | D:5      | Killed Eustachio
  6080 | D:5      | Found a staircase to the Ecumenical Temple.
  6107 | D:5      | Noticed Blork the orc
  6115 | D:5      | Killed Blork the orc
  6360 | D:5      | Reached **** piety under Trog
  7233 | D:6      | Noticed Sigmund
  7242 | D:6      | Killed Sigmund
  7320 | D:6      | Gained mutation: Your touch may inflict irresistible damage
                  | on your foes. [demonic ancestry]
  7320 | D:6      | Reached XP level 9. HP: 63/72 MP: 4/9
  7324 | D:6      | Reached skill level 5 in Armour
  7324 | D:6      | Reached skill level 1 in Stealth
  7643 | D:7      | Found a sand-covered staircase.
  7651 | Ossuary  | Entered an ossuary
  8615 | D:6      | Found a burning altar of Makhleb.
  9429 | D:7      | Noticed a cyclops
  9435 | D:7      | Killed a cyclops
  9436 | D:7      | Gained mutation: You have an absolutely massive brain. (Int
                  | +6, Wiz) [demonic ancestry]
  9436 | D:7      | Reached XP level 10. HP: 82/82 MP: 10/10
  9439 | D:7      | Noticed Prince Ribbit
  9456 | D:7      | Reached skill level 1 in Evocations
  9486 | D:7      | Killed Prince Ribbit
  9932 | D:7      | Found a shadowy altar of Dithmenos.
 10417 | D:8      | Found an ornate altar of the Wu Jian Council.
 10535 | D:8      | Found a basalt altar of Yredelemnul.
 10840 | D:8      | Found a staircase to the Lair.
 10840 | D:8      | Noticed an elephant
 10849 | D:8      | Killed an elephant
 11224 | D:8      | Noticed Maurice
 11257 | D:8      | HP: 3/126 [something/bolt of acid (8)]
 11278 | D:8      | Killed Maurice
 11279 | D:8      | Reached skill level 10 in Axes
 11754 | D:9      | Found a runed translucent door.
 11754 | D:9      | Noticed Grum
 11762 | D:9      | Noticed a two-headed ogre
 11765 | D:9      | Noticed a brown ugly thing
 11766 | D:9      | Killed Grum
 12011 | D:9      | Noticed Erica
 12031 | D:9      | Killed Erica
 12032 | D:9      | Reached skill level 10 in Fighting
 12306 | D:9      | Noticed a two-headed ogre
 12320 | D:9      | Killed a two-headed ogre
 12321 | D:9      | Reached XP level 11. HP: 90/91 MP: 6/11
 12458 | D:9      | Noticed a fire crab
 12458 | D:9      | a spriggan changed into a fire crab
 12464 | D:9      | Killed a fire crab
 12790 | D:9      | Found a shimmering blue altar of Sif Muna.
 12796 | D:9      | Noticed a tengu warrior
 12807 | D:9      | Killed a tengu warrior
 13092 | D:9      | Noticed a two-headed ogre
 13104 | D:9      | Killed a two-headed ogre
 13426 | D:9      | Identified the +4 hunting sling of Putrescence {freeze,
                  | +Blink rC+ MP+9 Dex+4}
 13500 | D:9      | Found a runed translucent door.
 13500 | D:9      | Noticed a centaur warrior
 13501 | D:9      | Noticed a fire dragon
 13505 | D:9      | Killed a centaur warrior
 13607 | D:9      | Noticed a rakshasa
 13608 | D:9      | Killed a fire dragon
 13621 | D:9      | Killed from afar by a rakshasa

Illustrated notes

Levels and vault maps discovered:
D:1:      dpeg_arrival_water_temple_mockup, layout_basic,
          hellmonk_ecumenical_altar_pennies_from_heaven, nrook_mini_vaults
D:2:      layout_basic, kennysheep_generic_room_11
D:3:      layout_basic
D:4:      layout_loops_ring, cheibrodos_ashenzari_chains, portal_sewer_entry_b,
          glass_columns_c, uniq_pikel
D:5:      layout_cave_pods, lemuel_round_altar, minmay_temple_entry_offerings,
          uniq_eustachio, uniq_blork_the_orc
D:6:      layout_loops_ring, kennysheep_mini_moat, uniq_sigmund
D:7:      layout_basic, nicolae_overflow_hidden_temple,
          gup_ossuary_entry_pyramid, uniq_prince_ribbit1
D:8:      layout_loops_ring, lemuel_zombie_altar_yredelemnul,
          mainiacjoe_overflow_chevrons, david_lair_generic, uniq_maurice
D:9:      minmay_ornate_pinched, layout_basic, lemuel_tele_altar,
          nrook_pool_corridor, minmay_st_funbox, minivault_13, uniq_grum,
          uniq_erica

Skill      XL: |  1  2  3  4  5  6  7  8  9 10 11 |
---------------+----------------------------------+-----
Axes           | 3 4 5 6 7 9 10 11 | 11.2
Dodging        | 2 3 |  3.4
Armour         | 2 3 4 6 7 |  7.6
Fighting       | 4 5 6 7 8 10 11 | 11.3
Stealth        | 1 2 |  2.1
Evocations     | 3 4 |  4.8

Action                   |  1- 3 |  4- 6 |  7- 9 | 10-12 || total
-------------------------+-------+-------+-------+-------++-------
Melee: Hand axe          |    49 |    31 |       |       ||    80
       Touch             |     4 |    17 |    50 |    39 ||   110
       War axe           |       |   174 |   227 |   260 ||   661
       Punch             |       |     3 |     5 |     5 ||    13
Invok: Berserk           |     2 |     2 |     5 |     9 ||    18
       Brothers in Arms  |       |       |     1 |     3 ||     4
       Trog's Hand       |       |       |     1 |     2 ||     3
Evoke: Wand              |       |       |       |     4 ||     4
  Use: Potion            |       |       |       |     9 ||     9
 Stab: Sleeping          |       |     2 |       |       ||     2
       Distracted        |       |     1 |       |       ||     1
       Betrayed ally     |       |       |       |     1 ||     1
Armor: Animal skin       |    11 |    10 |       |       ||    21
       Scale mail        |       |    58 |     6 |       ||    64
       Chain mail        |       |       |   105 |    31 ||   136
       Plate armour      |       |       |       |    99 ||    99
       Skin              |       |       |       |     6 ||     6
Dodge: Dodged            |    26 |   105 |   116 |   130 ||   377
